 Dungeon Crawl Stone Soup version 0.23.0-28-g6fe0f4d (webtiles) character file.

Game seed: 11841314811335142805

29694 kidcy the Severer (level 13, -5/118 HPs)
             Began as a Hill Orc Fighter on Feb 25, 2019.
             Was an Elder of Nemelex Xobeh.
             Slain by a soul eater (7 damage)
             ... summoned by the player character
             ... in a Gauntlet.
             The game lasted 00:33:38 (16488 turns).

kidcy the Severer (Hill Orc Fighter)               Turns: 16488, Time: 00:33:39

Health: -5/118     AC: 18    Str: 22    XL:     13   Next: 46%
Magic:  18/18      EV:  7    Int: 10    God:    Nemelex Xobeh [****..]
Gold:   678        SH:  0    Dex: 12    Spells: 12/12 levels left

rFire    . . .     SeeInvis .   p - +7 broad axe (chop)
rCold    + . .     Gourm    .   c - +0 shield
rNeg     + . .     Faith    .   K - +3 chain mail of Duty {rN+ Regen+ Str-5 Int+2}
rPois    .         Spirit   .   g - +0 hat {MR+}
rElec    .         Reflect  .   (no cloak)
rCorr    +         Harm     .   C - +2 pair of gloves
MR       +....     NoTele   +   (no boots)
Stlth    ..........             G - amulet of magic regeneration
HPRegen  0.69/turn              A - ring of protection from cold
MPRegen  0.41/turn              d - ring of resist corrosion

@: confused, mighty, lethally poisoned (-5 -> -31), slowed, lightly drained,
very slow
A: screaming 1
a: Draw Escape, Draw Destruction, Draw Summoning, Triple Draw, Deal Four,
Renounce Religion


You were in a Gauntlet.
You worshipped Nemelex Xobeh.
Nemelex Xobeh was greatly pleased with you.
You were not hungry.

You visited 4 branches of the dungeon, and saw 16 of its levels.
You also visited: Gauntlet.

You collected 678 gold pieces.

Inventory:

Hand Weapons
 n - a +2 war axe of chopping
 p - a +7 broad axe of chopping (weapon)
 u - the +2 long sword of the Lettuce {flame, *Contam rF+++ Dex+3}
   (You found it on level 3 of the Lair of Beasts)

   It has been specially enchanted to burn those struck by it, causing extra
   injury to most foes and up to half again as much damage against particularly
   susceptible opponents.
   Big, fiery blades are also staple armaments of hydra-hunters.
   It affects your dexterity (+3).
   It renders you almost immune to fire.
   It causes magical contamination when unequipped.
Armour
 a - a +0 plate armour
 c - a +0 shield (worn)
 g - a +0 hat of magic resistance (worn)
 C - a +2 pair of gloves (worn)
 K - the +3 chain mail of Duty (worn) {rN+ Regen+ Str-5 Int+2}
   (You acquired it in a Gauntlet)

   It affects your strength (-5).
   It affects your intelligence (+2).
   It protects you from negative energy.
   It increases your rate of regeneration.
Jewellery
 d - a ring of resist corrosion (right hand)
 l - a +2 ring of strength
 A - a ring of protection from cold (left hand)
 G - an amulet of magic regeneration (around neck)
 H - an uncursed ring of wizardry {unknown}
 L - an uncursed ring of positive energy {unknown}
Wands
 k - a wand of clouds (4)
 r - a wand of acid (10)
 w - a wand of polymorph (9)
 x - a wand of digging (1)
 E - a wand of flame (5)
 I - a wand of scattershot (6)
Scrolls
 s - 6 scrolls of identify
 y - 3 scrolls of fear
 z - a scroll of enchant armour
 B - a scroll of random uselessness
 J - a scroll of fog
Potions
 e - 2 potions of lignification {unknown}
 i - 2 potions of berserk rage {unknown}
 j - 2 potions of agility
 m - a potion of ambrosia
 o - 2 potions of flight
 q - a potion of invisibility
 t - 3 potions of mutation
 v - 2 potions of brilliance
 F - a potion of cancellation {unknown}
 M - a potion of might
Miscellaneous
 D - a lightning rod (4/4)
Comestibles
 f - 26 rations


   Skills:
 + Level 12.1(12.0) Fighting
 * Level 17.1(16.9) Axes
 + Level 11.1(10.9) Armour
 + Level 11.2(11.0) Shields
 - Level 7.2(7.0) Invocations


You had 12 spell levels left.
You didn't know any spells.
Your spell library contained the following spells:

 Spells                   Type           Power        Failure   Level  Hunger
 Sandblast                Erth           #.....       98%         1    ##.....
 Shock                    Conj/Air       #...         98%         1    ##.....
 Passwall                 Tmut/Erth      #.......     99%         2    ###....
 Swiftness                Chrm/Air       #.......     99%         2    ###....
 Static Discharge         Conj/Air       #.......     100%        3    ####...
 Stone Arrow              Conj/Erth      #.....       100%        3    ####...
 Airstrike                Air            #.........   100%        4    #####..
 Petrify                  Tmut/Erth      #.......     100%        4    #####..
 Lee's Rapid Deconstruct  Erth           #.........   100%        5    ######.
 Lightning Bolt           Conj/Air       #.........   100%        5    ######.


Dungeon Overview and Level Annotations

Branches:
Dungeon (10/15)            Temple (1/1) D:4            Lair (4/6) D:10
  Swamp (0/4) Lair:2        Snake (0/4) Lair:4          Orc (1/2) D:9

Altars:
Ashenzari
Cheibriados
Dithmenos
Elyvilon
Fedhas
Gozag
Hepliaklqana
Kikubaaqudgha
Makhleb
Nemelex Xobeh
Okawaru
Qazlal
Ru
Sif Muna
Trog
Uskayaw
Vehumet
Wu Jian
Xom
Yredelemnul
Zin
The Shining One

Annotations:
Orc:1 Fannar, Harold Gauntlet 9 transporters


Innate Abilities, Weirdness & Mutations

You occasionally shout uncontrollably at your foes.


Message History

You block the wolf spider zombie's attack.
The wolf spider zombie bites you but does no damage.
Your rakshasa hits the wolf spider zombie with a +0 long sword!
Unknown command.
You are confused.
You feel invigorated.
* * * LOW HITPOINT WARNING * * *
You feel very sick.
The wolf spider zombie hits your rakshasa but does no damage.
The wolf spider zombie bites your rakshasa but does no damage.
The soul eater hits you!
* * * LOW HITPOINT WARNING * * *
You partially resist.
You feel drained.
* * * LOW HITPOINT WARNING * * *
The wolf spider zombie barely misses your rakshasa.
The wolf spider zombie bites your rakshasa but does no damage.
Your rakshasa barely misses the wolf spider zombie.
The soul eater hits you!
You die...
Your body disappears without a glow.

#≈...###########............
##...............8.....8.... .#
##.8.....8.................
..##≈...............##########
#...##...#########...#..†......
.....#...#.......#...#..######.
#.©8.#...#:###°#.#####.##...†##
##....#...#!###R3°#...#.#.####.#
...©8.#.8.#©###@Z°#©.©#.#..©.##÷
#....#...#[.°°##.#...##.####.#.
##.©8.#...#..°.##.#######....##.
......#...#.......#...#©######..
#...##...#########...##........
#..##§...............##########
.# ##.8.....8.................
##...............8.....8....
#≈...###########............


You could see a soul eater, a wolf spider zombie and a friendly rakshasa.

Vanquished Creatures
  Gastronok (Lair:1)
  4 hydras
  2 two-headed ogres (D:9)
  3 death yaks (Lair:4)
  A skeletal warrior (D:8)
  Sonja (Lair:2)
  A fire crab (Gauntlet)
  A death drake (Gauntlet)
  Pikel (D:4)
  A manticore (D:9)
  A spectral centaur (Gauntlet)
  3 black mambas
  A gargoyle (D:9)
  3 spiny frogs
  A rime drake (Lair:4)
  Prince Ribbit (D:8)
  A hornet (D:8)
  Grinder (D:4)
  A hippogriff (Lair:1)
  14 blink frogs
  2 dream sheep (D:9)
  3 wyverns (Lair:4)
  3 basilisks
  6 fire bats
  23 yaks
  3 hungry ghosts
  2 wargs (D:10)
  Grum (D:10)
  4 water moccasins
  A soldier ant (shapeshifter) (D:5)
  2 hell hounds (Gauntlet)
  9 porcupines
  2 black bears
  3 orc warriors
  2 ice beasts
  A sky beast (D:9)
  2 ogres
  A necrophage (D:7)
  8 wolves
  2 phantoms
  11 crocodiles
  3 centaurs
  3 big kobolds (D:9)
  8 bullfrogs
  2 scorpions
  6 killer bees (D:8)
  11 wights
  3 crimson imps
  A jelly (D:10)
  2 hounds
  3 orc priests
  2 centaur skeletons
  5 orc wizards
  2 iguanas (D:9)
  Ijyb (D:5)
  6 worker ants
  4 hell rats (Lair:4)
  A mummy (D:5)
  11 adders
  3 shadow imps
  An ooze (D:3)
  An adder zombie (D:9)
  An adder skeleton (D:5)
  2 worms
  2 dart slugs (D:1)
  9 leopard geckos
  29 orcs
  5 giant cockroaches
  8 goblins
  12 hobgoblins
  11 jackals
  3 ball pythons (D:3)
  6 bats
  3 frilled lizards
  A hobgoblin zombie (D:5)
  8 kobolds
  2 kobold zombies (D:5)
  A leopard gecko skeleton (D:5)
  An orc zombie (D:5)
  6 rats
  2 fungi (Lair:2)
325 creatures vanquished.

Vanquished Creatures (collateral kills)
  An ugly thing (D:10)
  2 yaks (D:10)
  Edmund (D:4)
  An orc warrior (D:10)
  A bullfrog (D:10)
  A bullfrog skeleton (D:4)
  4 orcs (D:4)
11 creatures vanquished.

Vanquished Creatures (others)
  A blink frog (Lair:2)
  A fungus (Lair:4)
  A plant (Lair:4)
  13 withered plants
16 creatures vanquished.

Grand Total: 352 creatures vanquished

Notes
Turn   | Place    | Note
-------+----------+-------------------------------------------
     0 | D:1      | kidcy the Hill Orc Fighter began the quest for the Orb.
     0 | D:1      | Reached XP level 1. HP: 19/19 MP: 1/1
   143 | D:1      | Reached skill level 3 in Axes
   200 | D:1      | Reached XP level 2. HP: 24/27 MP: 2/2
   566 | D:1      | Reached XP level 3. HP: 28/33 MP: 3/3
  1328 | D:2      | Reached skill level 4 in Axes
  1328 | D:2      | Reached XP level 4. HP: 21/40 MP: 4/4
  2203 | D:3      | Reached XP level 5. HP: 42/47 MP: 5/5
  2238 | D:3      | Noticed an ogre
  2266 | D:3      | Killed an ogre
  2266 | D:3      | Reached skill level 5 in Axes
  2266 | D:3      | Reached XP level 6. HP: 15/55 MP: 6/6
  2834 | D:4      | Reached skill level 5 in Fighting
  2995 | D:4      | Reached skill level 6 in Axes
  3015 | D:4      | Noticed Grinder
  3030 | D:4      | Killed Grinder
  3030 | D:4      | Reached XP level 7. HP: 54/61 MP: 7/7
  3036 | D:4      | Reached skill level 7 in Axes
  3036 | D:4      | Reached skill level 5 in Shields
  3041 | D:4      | Found a staircase to the Ecumenical Temple.
  3042 | D:4      | Reached skill level 5 in Armour
  3059 | Temple   | Entered the Ecumenical Temple
  3232 | Temple   | Became a worshipper of Nemelex Xobeh the Trickster
  3283 | D:4      | Received a gift from Nemelex Xobeh
  3373 | D:4      | Noticed Edmund
  3386 | D:4      | Killed Edmund
  3579 | D:4      | Noticed Pikel
  3609 | D:4      | Killed Pikel
  3609 | D:4      | Reached skill level 8 in Axes
  3609 | D:4      | Reached XP level 8. HP: 53/71 MP: 8/8
  3832 | D:5      | Entered Level 5 of the Dungeon
  3947 | D:5      | Reached skill level 9 in Axes
  3950 | D:5      | Noticed Ijyb
  3961 | D:5      | Killed Ijyb
  4393 | D:5      | Noticed a troll
  4397 | D:5      | Noticed a shapeshifter
  4397 | D:5      | a troll changed into a shapeshifter
  4398 | D:5      | a shapeshifter changed into a basilisk
  4743 | D:5      | Reached * piety under Nemelex Xobeh
  4759 | D:5      | Found a hazy altar of Hepliaklqana.
  4800 | D:5      | Reached XP level 9. HP: 79/79 MP: 9/9
  4915 | D:5      | Received a gift from Nemelex Xobeh
  5277 | D:5      | Reached skill level 10 in Axes
  5434 | D:6      | Found the +3 robe of Clouds {+Thunder rCloud rElec}
  5711 | D:6      | Reached ** piety under Nemelex Xobeh
  6172 | D:7      | Found an ornate altar of the Wu Jian Council.
  6650 | D:8      | Noticed a skeletal warrior
  6886 | D:8      | Received a gift from Nemelex Xobeh
  6941 | D:8      | Noticed Prince Ribbit
  7026 | D:8      | Reached skill level 1 in Invocations
  7110 | D:8      | Reached skill level 11 in Axes
  7410 | D:8      | Killed Prince Ribbit
  7491 | D:8      | Reached XP level 10. HP: 88/88 MP: 12/12
  7576 | D:8      | Paralysed by a hornet for 2 turns
  7580 | D:8      | Paralysed by a hornet for 3 turns
  7832 | D:8      | Killed a skeletal warrior
  8128 | D:9      | Reached *** piety under Nemelex Xobeh
  8157 | D:9      | Received a gift from Nemelex Xobeh
  8180 | D:9      | Noticed a gargoyle
  8187 | D:9      | Reached skill level 12 in Axes
  8198 | D:9      | Killed a gargoyle
  8507 | D:9      | Found an ancient bone altar of Kikubaaqudgha.
  8507 | D:9      | Found a stormy altar of Qazlal.
  8508 | D:9      | Found a radiant altar of Vehumet.
  8520 | D:9      | Found a sacrificial altar of Ru.
  8547 | D:9      | Noticed a two-headed ogre
  8559 | D:9      | Killed a two-headed ogre
  9028 | D:9      | Reached skill level 5 in Invocations
  9175 | D:9      | Found a staircase to the Orcish Mines.
  9225 | D:9      | Noticed a manticore
  9225 | D:9      | Noticed an eight-headed hydra
  9228 | D:9      | Noticed a two-headed ogre
  9502 | D:9      | Killed an eight-headed hydra
  9502 | D:9      | Reached skill level 13 in Axes
  9502 | D:9      | Reached XP level 11. HP: 97/97 MP: 13/15
  9511 | D:9      | Killed a two-headed ogre
  9593 | D:9      | Killed a manticore
  9985 | D:9      | Noticed a two-headed hydra
 10571 | D:9      | Killed a six-headed hydra
 10932 | D:10     | Entered Level 10 of the Dungeon
 11205 | D:10     | Noticed Grum
 11217 | D:10     | Killed Grum
 11394 | D:10     | Reached skill level 10 in Fighting
 11401 | D:10     | Reached skill level 14 in Axes
 11404 | D:10     | Noticed a cyan ugly thing
 11413 | D:10     | Killed a cyan ugly thing
 11717 | D:10     | Found a staircase to the Lair.
 11718 | D:10     | Received a gift from Nemelex Xobeh
 11749 | D:10     | Noticed a fire giant
 12015 | Orc:1    | Entered Level 1 of the Orcish Mines
 12036 | Orc:1    | Noticed Fannar
 12036 | Orc:1    | Noticed Harold
 12113 | D:10     | Reached **** piety under Nemelex Xobeh
 12194 | Lair:1   | Entered Level 1 of the Lair of Beasts
 12293 | Lair:1   | Noticed a seven-headed hydra
 12300 | Lair:1   | Killed an eight-headed hydra
 12314 | Lair:1   | Reached XP level 12. HP: 73/107 MP: 17/17
 12752 | Lair:1   | Received a gift from Nemelex Xobeh
 12803 | Lair:1   | Received a gift from Nemelex Xobeh
 12952 | Lair:1   | Noticed Gastronok
 12965 | Lair:1   | Killed Gastronok
 12965 | Lair:1   | Reached skill level 15 in Axes
 12965 | Lair:1   | Reached skill level 10 in Shields
 13730 | Lair:2   | Reached skill level 10 in Armour
 13747 | Lair:2   | Noticed an eight-headed hydra
 13760 | Lair:2   | Killed a nine-headed hydra
 13764 | Lair:2   | Noticed Sonja
 13778 | Lair:2   | Killed Sonja
 14057 | Lair:2   | Found a staircase to the Swamp.
 14212 | Lair:2   | Reached skill level 16 in Axes
 14616 | Lair:3   | Received a gift from Nemelex Xobeh
 14624 | Lair:3   | Got a bloodstained long sword
 14625 | Lair:3   | Identified the +2 long sword of the Lettuce {flame, *Contam
                  | rF+++ Dex+3} (You found it on level 3 of the Lair of
                  | Beasts)
 14777 | Lair:3   | Reached XP level 13. HP: 70/116 MP: 18/18
 14790 | Lair:3   | Gained mutation: You occasionally shout uncontrollably at
                  | your foes. [mutagenic glow]
 15342 | Lair:3   | Received a gift from Nemelex Xobeh
 15803 | Lair:4   | Found a gate leading to a gauntlet.
 15818 | Gauntlet | Entered a Gauntlet
 15818 | Gauntlet | Found a transporter.
 16002 | Gauntlet | Found a transporter.
 16003 | Gauntlet | Found a transporter.
 16018 | Gauntlet | Found a transporter.
 16032 | Gauntlet | Found a transporter.
 16048 | Gauntlet | Found a transporter.
 16051 | Gauntlet | Found a transporter.
 16074 | Gauntlet | Found a transporter.
 16091 | Gauntlet | Found a transporter.
 16095 | Gauntlet | Found a transporter.
 16106 | Gauntlet | Found a transporter.
 16126 | Gauntlet | Found a transporter.
 16289 | Gauntlet | Reached skill level 17 in Axes
 16399 | Gauntlet | Identified a scroll of acquirement
 16402 | Gauntlet | Got a spiked chain mail
 16413 | Gauntlet | Identified the +3 chain mail of Duty {rN+ Regen+ Str-5
                  | Int+2} (You acquired it in a Gauntlet)
 16488 | Gauntlet | HP: 3/118 [soul eater[the player character] (7)]
 16488 | Gauntlet | Slain by a soul eater

Skill      XL: |  1  2  3  4  5  6  7  8  9 10 11 12 13 |
---------------+----------------------------------------+-----
Axes           | 3 4 5 6 8 9 11 13 14 16 17 | 17.1
Fighting       | 4 5 6 7 8 9 10 11 12 | 12.1
Shields        | 4 5 6 7 8 9 10 11 | 11.2
Armour         | 4 5 6 7 8 9 10 11 | 11.1
Invocations    | 2 5 7 |  7.2

Action                   |  1- 3 |  4- 6 |  7- 9 | 10-12 | 13-15 || total
-------------------------+-------+-------+-------+-------+-------++-------
Melee: War axe           |   124 |   180 |   263 |   171 |       ||   738
       Broad axe         |       |       |       |   225 |    86 ||   311
       Long sword        |       |       |       |    25 |       ||    25
Invok: Triple Draw       |       |       |       |     5 |     2 ||     7
 Abil: Draw Destruction  |       |       |     4 |     5 |       ||     9
       Draw Summoning    |       |       |     1 |     3 |     1 ||     5
       Draw Escape       |       |       |       |     1 |       ||     1
Evoke: Wand              |       |       |       |    25 |       ||    25
  Use: Potion            |       |     2 |     2 |     6 |     7 ||    17
       Scroll            |       |       |    15 |    15 |     2 ||    32
 Stab: Distracted        |       |       |       |     2 |       ||     2
  Eat: Chunk             |     1 |     6 |     7 |    13 |     2 ||    29
       Ration            |       |       |     3 |     5 |     1 ||     9
Armor: Scale mail        |    66 |       |       |       |       ||    66
       Chain mail        |    18 |   110 |   122 |   107 |    20 ||   377
       Plate armour      |       |       |       |   123 |    31 ||   154
Dodge: Dodged            |    54 |    41 |    62 |   101 |    18 ||   276
Block: Shield            |    84 |   113 |   161 |   224 |    62 ||   644
       Rpst.: Long sword |       |       |       |     3 |       ||     3
